Map: Forteresse de fer EC

Players

ScumLord

  • Race: Zerg Zerg

AgCl - Winner!

  • Race: Protoss Protoss

VOD

Have the link to the VOD?

Description

Time

  • Played on: May 12, 2015, 4:11 a.m.
  • Length: 12:30
Show
View Real Time Build Order
Export as new Build Order

ScumLord Zerg 

Build Orders: Hatch First 

Get SALT Encoding   

  12  0:02  Drone  
  13  0:08  Drone  
  14  0:19  Overlord  
  14  0:43  Hatchery  
  14  0:45  Drone  
  14  0:49  Drone  
  15  0:53  Drone  
  16  1:01  Drone  
  17  1:11  Drone  
  18  1:19  Evolution Chamber  
  18  1:21  Spawning Pool  
  18  1:23  Extractor  
  18  1:24  Drone  
  17  1:31  Drone  
  18  1:39  Drone  
  19  1:57  Extractor  
  19  1:58  Drone  
  19  1:59  Drone  
  20  2:07  Queen  
  20  2:08  Queen  
  24  2:09  Drone  
  25  2:18  Roach Warren  
  25  2:19  Drone  
  25  2:23  Drone  
  25  2:27  Drone  
  27  2:33  Drone  
  28  2:40  Overlord  
  28  2:55  Overlord  
  28  2:58  Drone, Extractor  
  28  2:59  Drone x2  
  30  3:06  Roach  
  30  3:08  Lair  
  30  3:10  Drone  
  34  3:12  Drone  
  34  3:16  Drone  
  34  3:18  Drone  
  36  3:21  Drone  
  37  3:27  Drone x2  
  37  3:33  Overlord  
  39  3:42  Roach x2  
  39  3:46  Overlord  
  43  3:49  Drone  
  43  3:51  Overlord  
  43  3:54  Drone  
  45  3:56  Drone  
  45  3:58  Drone  
  45  4:00  Drone  
  48  4:03  Drone  
  48  4:04  Drone  
  48  4:05  Drone  
  53  4:10  Roach  
  51  4:18  Queen  
  51  4:25  Roach  
  51  4:27  Drone  
  53  4:32  Queen  
  53  4:34  Drone  
  56  4:42  Roach x2  
  60  4:49  Spore Crawler  
  59  4:59  Spore Crawler  
  54  5:11  Drone x3  
  57  5:20  Overlord x2  
  57  5:23  Hatchery, Roach  
  58  5:30  Overlord  
  58  5:31  Roach  
  60  5:41  Roach x5  
  71  5:47  Roach x3  
  71  5:49  Ravager x5  
  81  5:56  Overlord  
  81  6:04  Roach  
  83  6:06  Overlord x3  
  83  6:07  Overlord  
  83  6:17  Drone x4  
  83  6:18  Drone x2  
  89  6:31  Roach x2  
  93  6:33  Hatchery  
  92  6:41  Drone x2  
  92  6:46  Glial Reconstitution  
  94  6:48  Drone x3  
  98  7:06  Roach x2  
  98  7:07  Hatchery, Roach x3  
  107  7:09  Drone  
  108  7:17  Drone  
  108  7:18  Drone  
  110  7:27  Drone  
  108  7:37  Roach  
  108  7:38  Roach  
  108  7:41  Ravager x4  
  113  7:47  Queen  
  113  7:48  Queen  
  115  7:56  Drone  
  115  7:57  Overlord x2  
  116  8:05  Overlord x2  
  116  8:06  Overlord  
  116  8:11  Hatchery  
  115  8:22  Queen  
  115  8:23  Queen  
  119  8:35  Hatchery  
  119  8:36  Evolution Chamber  
  119  8:37  Evolution Chamber  
  116  8:58  Hydralisk Den  
  115  9:20  Zerg Missile Weapons Level 1, Zerg Ground Armor Level 1  
  115  9:21  Extractor  
  115  9:22  Metabolic Boost  
  114  9:38  Muscular Augments  
  114  9:39  Hydralisk x4  
  120  9:55  Drone x3  
  121  10:01  Overseer x3  
  121  10:02  Overseer  
  121  10:16  Hatchery  
  121  10:18  Drone x2  
  121  10:19  Drone  
  123  10:21  Pneumatized Carapace  
  123  10:24  Zergling x2  
  123  10:25  Zergling x30  
  139  10:37  Drone x3  
  142  11:05  Hydralisk x2  
  142  11:06  Hydralisk x4  
  154  11:11  Overlord  
  154  11:12  Overlord x6  
  154  11:35  Hydralisk x4  
  138  12:00  Hydralisk x2  
  138  12:01  Drone, Hydralisk x4  
Show
View Real Time Build Order
Export as new Build Order

AgCl Protoss - Winner!

Build Orders: Oracle Opening, Oracle Opening 

Get SALT Encoding   

  12  0:19  Pylon  
  12  0:41  Gateway, Probe (Chrono Boost)  
  13  0:43  Assimilator  
  14  0:51  Probe (Chrono Boost)  
  14  0:58  Probe  
  15  1:10  Probe (Chrono Boost)  
  16  1:14  Assimilator  
  16  1:17  Pylon  
  16  1:22  Probe (Chrono Boost)  
  17  1:31  Probe (Chrono Boost)  
  18  1:39  Probe (Chrono Boost)  
  19  1:40  Cybernetics Core  
  19  1:50  Probe (Chrono Boost)  
  19  1:57  Probe  
  20  2:09  Probe  
  20  2:15  Pylon  
  21  2:16  Warp Gate (Chrono Boost)  
  21  2:21  Probe  
  22  2:25  Stargate  
  22  2:28  Stalker  
  25  2:38  Probe  
  25  2:45  Pylon  
  25  2:50  Mothership Core  
  27  3:09  Oracle  
  30  3:15  Probe (Chrono Boost)  
  31  3:26  Probe (Chrono Boost)  
  32  3:32  Probe, Nexus  
  33  3:41  Gateway  
  33  3:51  Gateway  
  33  3:57  Pylon  
  33  4:05  Probe  
  34  4:17  Probe  
  35  4:30  Void Ray (Chrono Boost)  
  39  4:34  Probe  
  40  4:47  Stalker x2  
  46  4:53  Probe (Chrono Boost)  
  46  4:54  Assimilator  
  46  4:55  Probe (Chrono Boost)  
  46  5:02  Probe (Chrono Boost)  
  46  5:04  Probe (Chrono Boost)  
  48  5:10  Probe  
  46  5:14  Probe  
  46  5:20  Void Ray (Chrono Boost)  
  51  5:23  Probe (Chrono Boost)  
  51  5:27  Probe (Chrono Boost)  
  53  5:30  Assimilator  
  53  5:35  Pylon  
  54  5:38  Probe (Chrono Boost)  
  54  5:40  Probe (Chrono Boost)  
  55  5:45  Probe (Chrono Boost)  
  55  5:46  Probe (Chrono Boost)  
  57  5:56  Probe, Nexus, Phoenix  
  60  6:05  Protoss Air Weapons Level 1 (Chrono Boost)  
  60  6:07  Probe (Chrono Boost)  
  62  6:15  Probe (Chrono Boost)  
  62  6:18  Probe (Chrono Boost)  
  63  6:23  Probe (Chrono Boost)  
  63  6:24  Probe (Chrono Boost)  
  65  6:37  Pylon  
  65  6:39  Probe (Chrono Boost), Forge  
  67  6:40  Probe (Chrono Boost)  
  67  6:46  Probe x2 (Chrono Boost)  
  69  6:58  Probe (Chrono Boost)  
  69  6:59  Probe (Chrono Boost)  
  71  7:05  Pylon  
  71  7:08  Pylon  
  71  7:09  Probe (Chrono Boost)  
  71  7:12  Assimilator  
  71  7:13  Photon Cannon  
  71  7:15  Probe (Chrono Boost), Protoss Ground Weapons Level 1 (Chrono Boost)  
  74  7:16  Probe (Chrono Boost), Assimilator  
  74  7:18  Probe (Chrono Boost)  
  74  7:19  Pylon  
  74  7:20  Fleet Beacon  
  74  7:22  Probe (Chrono Boost)  
  76  7:23  Probe  
  76  7:24  Twilight Council  
  76  7:26  Probe  
  78  7:48  Probe, Protoss Air Armor Level 1 (Chrono Boost)  
  79  7:52  Stargate  
  79  7:53  Pylon  
  79  7:55  Pylon, Stargate  
  79  7:57  Carrier (Chrono Boost)  
  79  7:58  Probe  
  80  8:01  Probe  
  80  8:04  Photon Cannon  
  81  8:05  Pylon  
  81  8:07  Probe  
  81  8:11  Pylon  
  82  8:13  Charge (Chrono Boost)  
  82  8:14  Zealot  
  82  8:15  Graviton Catapult  
  84  8:21  Dark Shrine  
  90  8:30  Cybernetics Core  
  90  8:32  Pylon  
  90  8:33  Gateway, Probe  
  91  8:35  Gateway  
  91  8:39  Probe  
  91  8:41  Carrier  
  90  8:49  Probe x2  
  90  8:51  Probe  
  90  8:54  Photon Cannon  
  93  8:56  Carrier (Chrono Boost)  
  93  9:06  Protoss Air Weapons Level 2 (Chrono Boost), Protoss Ground Weapons Level 2 (Chrono Boost)  
  93  9:15  Templar Archives, Protoss Air Armor Level 2 (Chrono Boost)  
  105  9:40  Dark Templar  
  105  9:43  Dark Templar  
  109  9:46  Adept x2  
  109  9:49  Carrier x2 (Chrono Boost)  
  109  9:50  Nexus  
  113  9:54  Pylon  
  123  10:15  Psionic Storm  
  123  10:27  Pylon  
  123  10:28  Gateway  
  123  10:31  Gateway, Pylon, Carrier (Chrono Boost)  
  123  10:33  Gateway  
  123  10:36  Pylon  
  123  10:44  Assimilator  
  123  10:47  High Templar  
  123  10:48  High Templar  
  123  10:49  Pylon  
  133  10:50  Assimilator  
  133  10:52  Carrier (Chrono Boost)  
  139  11:34  Gateway, Pylon  
  139  11:36  Pylon  
  139  11:38  Photon Cannon  
  139  11:49  Gateway  
  139  11:51  Gateway  
  139  11:52  Photon Cannon  
  137  11:55  Pylon  
  133  12:04  Pylon  
  130  12:08  Dark Templar  
  130  12:09  Dark Templar x3  
  138  12:21  Adept  
  146  12:26  Adept  
Tags
 
Add a new tag
Caveats
  • Supply blocks, unpowered buildings, or Contaminate may cause inaccurate times.
  • Supply counts are checked every 10 seconds.